 Dungeon Crawl Stone Soup version 0.24.0-123-gd5b16e6ec5 (webtiles) character file.

Game seed: 12308129200705764605, levelgen mode: deterministic

432 Mrkan the Cudgeler (level 7, 0/44 HPs)
             Began as a Gargoyle Fighter on Jan 14, 2020.
             Was a Follower of Ashenzari.
             Slain by a hornet zombie (7 damage)
             ... on level 5 of the Dungeon.
             The game lasted 00:05:19 (3418 turns).

Mrkan the Cudgeler (Gargoyle Fighter)               Turns: 3418, Time: 00:05:20

Health: 0/44       AC: 21    Str: 21    XL:     7   Next: 0%
Magic:  7/7        EV:  4    Int:  8    God:    Ashenzari [*.....]
Gold:   163        SH:  9    Dex: 10    Spells: 6/6 levels left

rFire    . . .     SeeInvis .   a - +0 flail
rCold    . . .     Gourm    .   c - +0 shield
rNeg     + . .     Faith    .   t - +0 plate armour
rPois    ∞         Spirit   .   (no helmet)
rElec    +         Reflect  .   b - +2 cloak
rCorr    .         Harm     .   u - +0 pair of gloves
MR       .....                  (no boots)
Stlth    ..........             (no amulet)
HPRegen  0.14/turn              (no ring)
MPRegen  0.10/turn              (no ring)

@: hasted, very quick
A: negative energy resistance 1, electricity resistance, unbreathing,
petrification resistance, rot immunity, AC +4
a: Curse Item, Scrying, Renounce Religion


You were on level 5 of the Dungeon.
You worshipped Ashenzari.
Ashenzari was aware of your devotion.
You were not hungry.

You visited 1 branch of the dungeon, and saw 5 of its levels.

You collected 163 gold pieces.

Inventory:

Hand Weapons
 a - a +0 flail (weapon)
Armour
 b - a +2 cloak (worn)
 c - a +0 shield (worn)
 t - a +0 plate armour (worn)
 u - a +0 pair of gloves (worn)
 v - a +1 cloak of magic resistance
Jewellery
 p - a +3 ring of dexterity
Scrolls
 g - 2 scrolls of teleportation {unknown}
 i - a scroll of fog {unknown}
 j - 5 scrolls of fear {unknown}
 k - 10 scrolls of identify {unknown}
 l - 2 scrolls of enchant armour {unknown}
 q - a scroll of magic mapping {unknown}
Potions
 d - a potion of might
 e - 2 potions of haste
 h - 5 potions of curing {unknown}
 m - a potion of invisibility {unknown}
 n - 2 potions of lignification {unknown}
 o - 2 potions of brilliance {unknown}
 r - 2 potions of ambrosia {unknown}
 s - 2 potions of flight {unknown}
Comestibles
 f - 6 rations


   Skills:
 + Level 4.7 Fighting
 * Level 4.8 Maces & Flails
 + Level 4.7 Armour
 + Level 4.6 Shields


You had 6 spell levels left.
You didn't know any spells.
Your spell library was empty.

Dungeon Overview and Level Annotations

Branches:
Dungeon (5/15)
 Temple: D:4-7

Altars:
Ashenzari
Hepliaklqana
Sif Muna


Innate Abilities, Weirdness & Mutations

You are resistant to torment.
Your stone body is resilient. (AC +4)
You are immune to poison.
You resist negative energy. (rN+)
You are resistant to electric shocks. (rElec)
You can survive without breathing.
You are immune to petrification.
You are immune to rotting.


Message History

* * * LOW HITPOINT WARNING * * *
The crimson imp blinks!
The big kobold hits you but does no damage.
You thump the big kobold!
The big kobold is almost dead.
The hornet zombie hits you but does no damage.
Your shield prevents you from hitting the big kobold.
The big kobold is almost dead.
The hornet zombie hits you.
* * * LOW HITPOINT WARNING * * *
The crimson imp blinks!
The big kobold hits you but does no damage.
You closely miss the big kobold.
The big kobold is almost dead.
You block the hornet zombie's attack.
The big kobold hits you but does no damage.
Your plate armour prevents you from hitting the big kobold.
The big kobold is almost dead.
You block the hornet zombie's attack. The hornet zombie hits you!
You die... ### #####.......$.....#. .KK

##≈≈≈####..........#
... ≈≈≈≈≈≈≈
#.........#..
≈≈≈≈≈≈≈###....?...#..
#≈≈≈................
##...................
........##.5.........
...####ZK§.....#.....
#@#......##....
###......# ....
#.......# .##
#........ # .... ####


You could see a big kobold, a crimson imp and a hornet zombie.

Vanquished Creatures
  An ogre (D:4)
  A centaur (D:5)
  Terence (D:2)
  An iguana (D:5)
  A worker ant (D:5)
  A hound skeleton (D:4)
  A worker ant zombie (D:5)
  6 adders
  A shadow imp (D:4)
  An adder zombie (D:5)
  An ooze (D:1)
  A worm (D:3)
  3 dart slugs
  2 leopard geckos (D:3)
  7 orcs
  3 giant cockroaches
  9 goblins
  13 hobgoblins
  12 jackals
  3 kobolds
  A quokka (D:3)
  5 bats
  A frilled lizard (D:2)
  A leopard gecko zombie (D:5)
  5 rats
82 creatures vanquished.

Notes
Turn   | Place    | Note
-------+----------+-------------------------------------------
     0 | D:1      | Mrkan the Gargoyle Fighter began the quest for the Orb.
     0 | D:1      | Reached XP level 1. HP: 14/14 MP: 1/1
    25 | D:1      | You fall into a shaft and drop 1 floor!
   141 | D:2      | Reached XP level 2. HP: 16/19 MP: 2/2
   219 | D:1      | Found a shattered altar of Ashenzari.
   265 | D:1      | Became a worshipper of Ashenzari the Shackled
   323 | D:1      | Reached XP level 3. HP: 23/23 MP: 3/3
  1048 | D:2      | Found a shimmering blue altar of Sif Muna.
  1111 | D:2      | Noticed Terence
  1132 | D:2      | Killed Terence
  1132 | D:2      | Reached XP level 4. HP: 26/29 MP: 4/4
  1901 | D:3      | Reached * piety under Ashenzari
  1996 | D:3      | Reached XP level 5. HP: 29/33 MP: 5/5
  2196 | D:3      | Found a hazy altar of Hepliaklqana.
  2290 | D:4      | Noticed an ogre
  2296 | D:4      | Killed an ogre
  2296 | D:4      | Reached XP level 6. HP: 22/39 MP: 6/6
  3229 | D:5      | Entered Level 5 of the Dungeon
  3406 | D:5      | Reached XP level 7. HP: 17/44 MP: 7/7
  3418 | D:5      | Slain by a hornet zombie

Levels and vault maps discovered:
D:1:      ncdulo_smallfort, layout_loops_ring, grunt_decor_fettered,
          ashenzari_altar_1
D:2:      layout_loops_corners, old_standard_altar, serial_rivers,
          chequers_serial_rivers_micro_c, chequers_serial_rivers_marsh,
          chequers_serial_rivers_room_b, chequers_serial_rivers_micro_b,
          chequers_serial_rivers_micro_d, chequers_serial_rivers_room_b,
          first_ration, roderic_roman_lattice, uniq_terence
D:3:      layout_rooms, nicolae_overflow_hidden_temple
D:4:      layout_basic
D:5:      cheibrodos_thug_alley, layout_cave_pools,
          chequers_temple_overflow_statue_of_worship, uniq_sigmund

Skill      XL: |  1  2  3  4  5 |
---------------+----------------+-----
Maces & Flails | 3 4 |  4.8
Fighting       | 4 |  4.7
Armour         | 4 |  4.7
Shields        | 4 |  4.6

Action                   |  1- 3 |  4- 6 |  7- 9 || total
-------------------------+-------+-------+-------++-------
Melee: Flail             |   139 |   309 |    12 ||   460
  Use: Potion            |       |     1 |       ||     1
  Eat: Chunk             |     1 |     8 |       ||     9
Armor: Scale mail        |    70 |   137 |       ||   207
       Plate armour      |       |    84 |    10 ||    94
Dodge: Dodged            |    34 |   103 |     2 ||   139
Block: Shield            |    79 |   198 |     5 ||   282
